 Dungeon Crawl Stone Soup version 0.22-a0-362-g535178c (webtiles) character file.

378 dstrtnsr the Chiller (level 6, -8/44 HPs)
             Began as a Gnoll Ice Elementalist on Apr 22, 2018.
             Mangled by an ogre
             ... wielding a +0 giant spiked club
              (28 damage)
             ... on level 5 of the Dungeon.
             The game lasted 00:07:38 (963 turns).

dstrtnsr the Chiller (Gnoll Ice Elementalist)        Turns: 963, Time: 00:07:39

Health: -8/44      AC: 12    Str: 10    XL:     6   Next: 74%
Magic:  14/14      EV: 13    Int: 19    God:
Gold:   100        SH:  0    Dex: 16    Spells: 7/15 levels left

rFire    . . .     SeeInvis .   p - +0 quarterstaff
rCold    . . .     Gourm    .   (shield currently unavailable)
rNeg     . . .     Faith    .   g - +4 ring mail {MR+}
rPois    .         Spirit   .   (no helmet)
rElec    .         Reflect  .   (no cloak)
rCorr    .         Harm     .   u - +2 pair of gloves
MR       +....     Rnd*Tele +   (no boots)
Stlth    ++........             w - amulet of magic regeneration
HPRegen  0.14/turn              y - ring of teleportation (curse)
MPRegen  0.39/turn              (no ring)

@: no status effects
A: distributed training, fangs 1, strong nose
a: no special abilities


You were on level 5 of the Dungeon.
You were not hungry.

You visited 1 branch of the dungeon, and saw 6 of its levels.

You collected 100 gold pieces.

Inventory:

Hand Weapons
 b - a +2 dagger of draining
 n - a +0 rapier
 p - a +0 quarterstaff (weapon)
 v - a +3 dagger of freezing {!w}
Missiles
 o - 46 stones (quivered)
Armour
 g - a +4 ring mail of magic resistance (worn)
 h - a +0 shield
 u - a +2 pair of gloves (worn)
Jewellery
 w - an amulet of magic regeneration (around neck)
 y - a cursed ring of teleportation (left hand)
Wands
 I - a wand of iceblast (8)
Scrolls
 d - a scroll of remove curse {unknown}
 e - a scroll of enchant weapon
 j - a scroll of amnesia {unknown}
 q - a scroll of teleportation {unknown}
 s - a scroll of immolation {!r}
 x - a scroll of fog {unknown}
 z - a scroll of magic mapping {unknown}
Potions
 a - a potion of flight {unknown}
 f - a potion of might {unknown}
 i - 2 potions of curing
 l - a potion of brilliance {unknown}
 r - a potion of degeneration {unknown}
 t - a potion of heal wounds
Comestibles
 c - 5 rations {!d}


   Skills:
 + Level 2.0 Fighting
 + Level 2.0 Short Blades
 + Level 2.0 Long Blades
 + Level 2.0 Axes
 + Level 2.0 Maces & Flails
 + Level 2.0 Polearms
 + Level 2.0 Staves
 + Level 2.0 Slings
 + Level 2.0 Bows
 + Level 2.0 Crossbows
 + Level 2.0 Throwing
 + Level 2.0 Armour
 + Level 5.0 Dodging
 + Level 4.6 Stealth
 + Level 2.0 Shields
 + Level 2.0 Unarmed Combat
 + Level 5.4 Spellcasting
 + Level 2.7 Conjurations
 + Level 1.6 Hexes
 + Level 1.6 Charms
 + Level 1.6 Summonings
 + Level 1.6 Necromancy
 + Level 1.6 Translocations
 + Level 1.6 Transmutations
 + Level 1.6 Fire Magic
 + Level 5.7 Ice Magic
 + Level 1.6 Air Magic
 + Level 1.6 Earth Magic
 + Level 1.6 Poison Magic
 + Level 2.2 Invocations
 + Level 2.0 Evocations


You had 7 spell levels left.
You knew the following spells:

 Your Spells              Type           Power        Failure   Level  Hunger
a - Freeze                Ice            ####         3%          1    None
i - Summon Ice Beast      Ice/Summ       ###.....     54%         4    ####...
o - Ozocubu's Armour      Chrm/Ice       ###.....     21%         3    ##.....


Dungeon Overview and Level Annotations

Branches:
Dungeon (6/15)
 Temple: D:4-7

Altars:
Okawaru
Qazlal
Vehumet
Xom

Annotations:
D:6 Eustachio


Innate Abilities, Weirdness & Mutations

Your experience applies equally to all skills.
You have very sharp teeth.
Your uncanny sense of smell can sniff out nearby items.


Message History

You kill the jackal!
The jackal bites you but does no damage.
The frilled lizard hisses.
You hit the jackal. Your bite misses the jackal.
The jackal is moderately wounded.
The jackal misses you.
You miss the jackal.
The jackal is moderately wounded.
The jackal closely misses you. The orc hits you.
You closely miss the jackal.
The jackal is moderately wounded.
The jackal closely misses you. The orc hits you. The jackal closely misses you.
Damage: -3%(-1hp) hp: 75%(33hp) Unknown command.
You closely miss the jackal.
The jackal is moderately wounded.
The jackal bites you but does no damage.
The orc hits you but does no damage. The jackal barely misses you.
Unknown command.
You hit the jackal. Your bite misses the jackal.
The jackal is severely wounded.
The orc barely misses you. The jackal barely misses you.
The orc hits you but does no damage.
Unknown command.
You sock the jackal!
You kill the jackal!
The orc closely misses you.
Unknown command.
You barely miss the orc. Your bite misses the orc. The orc misses you.
You sock the orc!
You kill the orc!
You barely miss the jackal. The jackal misses you.
The jackal barely misses you.
Casting: Freeze (safe; 3% risk of failure)
Confirm with . or Enter, or press ? or * to list all spells.
Okay, then.
Unknown command.
You closely miss the jackal. The jackal barely misses you.
The jackal completely misses you.
You hit the jackal but do no damage. The jackal barely misses you.
You barely miss the jackal. The jackal completely misses you.
The jackal bites you but does no damage.
You barely miss the jackal.
The ogre shouts!
You bite the jackal, but do no damage. The jackal completely misses you.
The jackal closely misses you.
You hit the jackal but do no damage.
The jackal bites you but does no damage. x2
The jackal barely misses you.
The jackal bites you but does no damage.
The jackal barely misses you.
You see here a long sword.
The jackal barely misses you.
There is a stone staircase leading up here.
The jackal closely misses you.
Unknown command.
The jackal completely misses you.
You hit the jackal but do no damage. Your bite misses the jackal.
The jackal bites you but does no damage.
The jackal closely misses you.
Evoke which item? (* to show all) (? for menu, Esc to quit)
Aiming: Iceblast
Press: ? - help, Shift-Dir - straight line, f - ogre
Aim: an ogre, wielding a giant spiked club
Okay, then.
Unknown command.
Unknown command.
Evoke which item? (* to show all) (? for menu, Esc to quit)
Aiming: Iceblast
Press: ? - help, Shift-Dir - straight line The mass of ice explodes!
The iceblast engulfs the ogre.
The ogre is heavily wounded.
The iceblast engulfs the jackal.
You kill the jackal!
Unknown command.
Evoke which item? (* to show all) (? for menu, Esc to quit)
Aiming: Iceblast
Press: ? - help, Shift-Dir - straight line, f - ogre
Aim: an ogre, wielding a giant spiked club (heavily wounded)
The mass of ice explodes!
The iceblast engulfs the ogre.
The ogre is almost dead.
Unknown command.
Your ring mail prevents you from hitting the ogre.
The ogre is almost dead.
The ogre closely misses you.
You barely miss the ogre.
The ogre is almost dead.
The ogre barely misses you. The frilled lizard barely misses you.
You barely miss the ogre.
The ogre is almost dead.
The frilled lizard barely misses you.
The ogre hits you with a giant spiked club!!
* * * LOW HITPOINT WARNING * * *
Huge Dmg: -39%(-17hp) hp: 46%(20hp)
Your ring mail prevents you from hitting the ogre.
The ogre is almost dead.
The frilled lizard closely misses you.
The ogre hits you with a giant spiked club!!
Ouch! That really hurt!
You die...

##.....###### #.##
###.### ##.# ##.# #..#
#### ###..# ######.##
...####...## #...##.#
...#....### #...##.#
.....##########...##.#
....## #........##.#
....######.####O@.##.#
...........<...l####.#
..<#####)######.##...#
∆ #### #.# #....###
... #O# ###### ...
##.# .... ###.l# .s...
### #<..## #l....
...##l#### #.oO.


You could see an ogre and a frilled lizard.

Vanquished Creatures
  A water moccasin (D:5)
  A crimson imp (D:5)
  A jelly (D:5)
  2 bullfrog skeletons
  An orc wizard (D:5)
  An iguana (D:4)
  A hound skeleton (D:6)
  A howler monkey zombie (D:5)
  A howler monkey skeleton (D:4)
  2 adders
  An ooze (D:2)
  A dart slug (D:2)
  2 leopard geckos
  4 orcs
  A ball python (D:4)
  3 giant cockroaches
  2 hobgoblins
  12 jackals
  2 kobolds
  2 bats
  2 frilled lizards
  5 goblins
  A jackal skeleton (D:5)
  3 rats (D:2)
53 creatures vanquished.

Vanquished Creatures (others)
  A howler monkey (D:4)
  A worker ant (D:4)
  An adder (D:4)
3 creatures vanquished.

Grand Total: 56 creatures vanquished

Notes
Turn   | Place    | Note
-------+----------+-------------------------------------------
     0 | D:1      | dstrtnsr the Gnoll Ice Elementalist began the quest for the Orb.
     0 | D:1      | Reached XP level 1. HP: 13/13 MP: 6/6
   114 | D:1      | Reached XP level 2. HP: 19/19 MP: 7/7
   236 | D:2      | Reached XP level 3. HP: 25/25 MP: 6/9
   246 | D:2      | Reached skill level 5 in Spellcasting
   279 | D:2      | Found a stormy altar of Qazlal.
   337 | D:4      | Found a radiant altar of Vehumet.
   343 | D:4      | Found an iron altar of Okawaru.
   364 | D:4      | Found a shimmering altar of Xom.
   375 | D:4      | Reached skill level 1 in Invocations
   384 | D:4      | Reached skill level 1 in Fighting
   384 | D:4      | Reached skill level 1 in Short Blades
   384 | D:4      | Reached skill level 1 in Long Blades
   384 | D:4      | Reached skill level 1 in Axes
   384 | D:4      | Reached skill level 1 in Maces & Flails
   384 | D:4      | Reached skill level 1 in Polearms
   384 | D:4      | Reached skill level 1 in Staves
   384 | D:4      | Reached skill level 1 in Slings
   384 | D:4      | Reached skill level 1 in Bows
   384 | D:4      | Reached skill level 1 in Crossbows
   384 | D:4      | Reached skill level 1 in Throwing
   384 | D:4      | Reached skill level 1 in Armour
   384 | D:4      | Reached skill level 1 in Shields
   384 | D:4      | Reached skill level 1 in Unarmed Combat
   384 | D:4      | Reached skill level 1 in Evocations
   389 | D:4      | Reached XP level 4. HP: 31/32 MP: 2/11
   413 | D:4      | Reached skill level 1 in Hexes
   413 | D:4      | Reached skill level 1 in Charms
   413 | D:4      | Reached skill level 1 in Summonings
   413 | D:4      | Reached skill level 1 in Necromancy
   413 | D:4      | Reached skill level 1 in Translocations
   413 | D:4      | Reached skill level 1 in Transmutations
   413 | D:4      | Reached skill level 1 in Fire Magic
   413 | D:4      | Reached skill level 1 in Air Magic
   413 | D:4      | Reached skill level 1 in Earth Magic
   413 | D:4      | Reached skill level 1 in Poison Magic
   420 | D:4      | Learned a level 4 spell: Summon Ice Beast
   424 | D:4      | Learned a level 3 spell: Ozocubu's Armour
   585 | D:5      | Entered Level 5 of the Dungeon
   611 | D:5      | Reached XP level 5. HP: 30/37 MP: 12/12
   664 | D:5      | Noticed a water moccasin
   688 | D:5      | Killed a water moccasin
   688 | D:5      | Reached XP level 6. HP: 28/44 MP: 8/13
   716 | D:5      | Reached skill level 5 in Dodging
   774 | D:6      | Noticed Eustachio
   963 | D:5      | Mangled by an ogre

Vault maps used:
D:1:      shiori_arrival_maze
D:2:      grunt_qazlal_sundering, guppyfry_early_orc_mine
D:3:      gup_sewer_entry_bubbles
D:4:      okawaru_trees_1, vehumet_crystals, first_ration, xom_confusion_cloud,
          uniq_blork_the_orc
D:6:      uniq_eustachio

Skill      XL: |  1  2  3  4  5  6 |
---------------+-------------------+-----
Conjurations   | 2 |  2.7
Spellcasting   | 5 |  5.4
Invocations    | 1 2 |  2.2
Fighting       | 1 2 |  2.0
Short Blades   | 1 2 |  2.0
Long Blades    | 1 2 |  2.0
Axes           | 1 2 |  2.0
Maces & Flails | 1 2 |  2.0
Polearms       | 1 2 |  2.0
Staves         | 1 2 |  2.0
Slings         | 1 2 |  2.0
Bows           | 1 2 |  2.0
Crossbows      | 1 2 |  2.0
Throwing       | 1 2 |  2.0
Armour         | 1 2 |  2.0
Shields        | 1 2 |  2.0
Unarmed Combat | 1 2 |  2.0
Evocations     | 1 2 |  2.0
Hexes          | 1 |  1.6
Charms         | 1 |  1.6
Summonings     | 1 |  1.6
Necromancy     | 1 |  1.6
Translocations | 1 |  1.6
Transmutations | 1 |  1.6
Fire Magic     | 1 |  1.6
Air Magic      | 1 |  1.6
Earth Magic    | 1 |  1.6
Poison Magic   | 1 |  1.6
Dodging        | 5 |  5.0
Stealth        | |  4.6
Ice Magic      | |  5.7

Action                   |  1- 3 |  4- 6 || total
-------------------------+-------+-------++-------
Melee: Dagger            |    43 |     1 ||    44
       Bite              |     3 |    16 ||    19
       Rapier            |    14 |    29 ||    43
       Punch             |     1 |     1 ||     2
       Quarterstaff      |       |    62 ||    62
 Cast: Freeze            |    19 |    27 ||    46
Evoke: Wand              |       |     2 ||     2
  Use: Scroll            |       |     6 ||     6
 Stab: Sleeping          |     2 |       ||     2
Armor: Robe              |     2 |       ||     2
       Ring mail         |    28 |    34 ||    62
Dodge: Dodged            |    59 |   105 ||   164

Table legend:
 A = Spawn XP
 B = Non-spawn XP
 C = Spawn XP percentage of total XP
 D = Spawn monster count
 E = Non-spawn monster count
 F = Spawn count percentage of total count
 G = Total turns spent on level
                    A         B        C        D         E        F      G
               +---------+---------+-------+---------+---------+-------+---------
         Total |       0 |     541 |   0.0 |       0 |      53 |   0.0 |   963
               +---------+---------+-------+---------+---------+-------+---------
           D:1 |       0 |      11 |   0.0 |       0 |       7 |   0.0 |   152
           D:2 |       0 |      36 |   0.0 |       0 |      17 |   0.0 |   136
           D:4 |       0 |     109 |   0.0 |       0 |      12 |   0.0 |   288
           D:5 |       0 |     355 |   0.0 |       0 |      15 |   0.0 |   339
           D:6 |       0 |      30 |   0.0 |       0 |       2 |   0.0 |    31
               +---------+---------+-------+---------+---------+-------+---------
